[ AOE2 MATCH · #507224378 ]
UnrankedCumans vs Hindustanis
Player's team · WIN
[ REPLAY ANALYSIS · EXTRACTED FROM THE RECORDED GAME ]
Feudal
9:16
Castle
21:55
Imperial
33:40
| APM avg | 54.8 |
| APM peak | 100 |
| eAPM avg | 34.8 |
| Villagers / military | 171 / 45 |
Focus
⚔️ 32.3% · 🌾 67.7%
Camel Scout ×33 · Knight ×7 · Spearman ×3 · Battering Ram ×1 · Trebuchet (Packed) ×1
Feudal
8:26
Castle
22:55
Imperial
—
| APM avg | 60.3 |
| APM peak | 111 |
| eAPM avg | 30.9 |
| Villagers / military | 136 / 41 |
Focus
⚔️ 46.0% · 🌾 54.0%
Camel Scout ×28 · Monk ×4 · Spearman ×4 · Scout Cavalry ×3 · Archer ×2
Match map
Initial resources + every placement click. Lines = walls · curves = elevation contours. ◆ gold · ⬟ stone · ● berries · ✦ relic · ◌ wall gap
Your base· ✓ Closed at 21:55 · 23t walls · no gate
VonLibov's base· ✓ Closed at 22:55 · 40t walls · no gate
Smoothed initial terrain · ◌ = detected wall gap · hover for details
Inputs per minute
— Liêm học IT - - VonLibov
Build order — Liêm học IT
First 150 of 398 actions detected
| 0:00 | Queue | Villager (Male) ×4 |
| 0:01 | Queue | Villager (Male) ×4 |
| 0:02 | Build | House |
| 0:02 | Build | House |
| 1:26 | Queue | Villager (Male) |
| 1:27 | Queue | Villager (Male) |
| 1:59 | Queue | Villager (Male) |
| 1:59 | Queue | Villager (Male) |
| 2:13 | Queue | Villager (Male) |
| 2:14 | Queue | Villager (Male) |
| 2:24 | Build | Lumber Camp |
| 2:33 | Queue | Villager (Male) |
| 2:56 | Queue | Villager (Male) |
| 3:19 | Queue | Villager (Male) |
| 3:41 | Build | House |
| 3:49 | Queue | Villager (Male) |
| 3:49 | Queue | Villager (Male) |
| 4:04 | Build | House |
| 4:13 | Build | Palisade Wall |
| 4:13 | Build | Palisade Wall |
| 4:18 | Queue | Villager (Male) |
| 4:19 | Queue | Villager (Male) |
| 4:26 | Build | House |
| 4:32 | Queue | Villager (Male) |
| 4:32 | Queue | Villager (Male) |
| 5:22 | Queue | Villager (Male) |
| 5:22 | Queue | Villager (Male) |
| 5:22 | Queue | Villager (Male) |
| 5:24 | Build | Mill |
| 5:31 | Queue | Villager (Male) |
| 5:32 | Queue | Villager (Male) |
| 6:28 | Research | Loom |
| 6:28 | Research | Loom |
| 7:03 | Research | Feudal Age |
| 7:03 | Research | Feudal Age |
| 8:18 | Build | Palisade Wall |
| 8:19 | Build | Palisade Wall |
| 8:19 | Build | Palisade Wall |
| 8:20 | Build | Palisade Wall |
| 8:21 | Build | Palisade Wall |
| 8:36 | Build | Barracks |
| 8:50 | Build | Palisade Wall |
| 8:51 | Build | Palisade Wall |
| 9:16 | Age | Feudal Age |
| 9:17 | Queue | Villager (Male) |
| 9:18 | Queue | Villager (Male) |
| 9:18 | Queue | Villager (Male) |
| 9:27 | Build | Town Center |
| 9:38 | Queue | Spearman |
| 9:45 | Build | Palisade Wall |
| 9:46 | Build | Palisade Wall |
| 9:47 | Build | Palisade Wall |
| 9:48 | Build | Palisade Wall |
| 9:49 | Build | Palisade Wall |
| 9:53 | Build | House |
| 9:55 | Queue | Spearman |
| 10:10 | Build | Palisade Wall |
| 10:13 | Build | Palisade Wall |
| 10:16 | Queue | Villager (Male) |
| 10:17 | Build | Farm |
| 10:18 | Build | Farm |
| 10:24 | Build | Palisade Wall |
| 10:26 | Build | House |
| 10:34 | Queue | Villager (Male) |
| 10:46 | Build | Farm |
| 10:49 | Queue | Villager (Male) |
| 11:01 | Research | Double-Bit Axe |
| 11:08 | Queue | Villager (Male) |
| 11:17 | Queue | Villager (Male) |
| 11:30 | Research | Horse Collar |
| 11:30 | Research | Horse Collar |
| 11:45 | Queue | Villager (Male) |
| 11:46 | Queue | Villager (Male) |
| 11:49 | Build | House |
| 12:05 | Build | Farm |
| 12:07 | Build | Farm |
| 12:17 | Queue | Villager (Male) |
| 12:19 | Queue | Villager (Male) |
| 12:21 | Build | Farm |
| 12:24 | Queue | Villager (Male) |
| 12:24 | Queue | Villager (Male) |
| 12:29 | Build | Farm |
| 12:31 | Build | House |
| 12:48 | Build | Farm |
| 12:51 | Queue | Villager (Male) |
| 12:51 | Queue | Villager (Male) |
| 12:53 | Build | Farm |
| 13:01 | Build | House |
| 13:05 | Queue | Villager (Male) |
| 13:18 | Queue | Villager (Male) |
| 13:29 | Build | Farm |
| 13:31 | Queue | Villager (Male) |
| 13:32 | Queue | Villager (Male) |
| 13:32 | Queue | Villager (Male) |
| 13:33 | Queue | Villager (Male) |
| 13:35 | Build | House |
| 13:48 | Queue | Villager (Male) |
| 14:00 | Build | Mining Camp |
| 14:03 | Queue | Villager (Male) |
| 14:04 | Queue | Villager (Male) |
| 14:14 | Build | Farm |
| 14:25 | Queue | Villager (Male) |
| 14:33 | Queue | Villager (Male) |
| 14:33 | Queue | Villager (Male) |
| 14:38 | Queue | Spearman |
| 14:47 | Build | Palisade Wall |
| 14:48 | Build | Palisade Wall |
| 14:50 | Build | Palisade Wall |
| 14:55 | Queue | Villager (Male) |
| 14:56 | Queue | Villager (Male) |
| 15:02 | Build | Mining Camp |
| 15:05 | Build | Farm |
| 15:09 | Queue | Villager (Male) |
| 15:10 | Queue | Villager (Male) |
| 15:10 | Queue | Villager (Male) |
| 15:10 | Queue | Villager (Male) |
| 15:16 | Queue | Villager (Male) |
| 15:16 | Queue | Villager (Male) |
| 15:31 | Queue | Villager (Male) |
| 15:37 | Queue | Villager (Male) |
| 15:41 | Build | Farm |
| 15:43 | Build | Farm |
| 15:45 | Queue | Villager (Male) |
| 15:52 | Queue | Villager (Male) |
| 16:04 | Build | Market |
| 16:20 | Build | House |
| 16:31 | Build | Blacksmith |
| 16:34 | Queue | Villager (Male) |
| 16:34 | Queue | Villager (Male) |
| 16:34 | Queue | Villager (Male) |
| 16:35 | Queue | Villager (Male) |
| 16:40 | Build | Farm |
| 16:55 | Build | House |
| 16:57 | Build | House |
| 16:58 | Build | Palisade Wall |
| 17:03 | Queue | Villager (Male) |
| 17:03 | Queue | Villager (Male) |
| 17:04 | Queue | Villager (Male) |
| 17:20 | Build | Watch Tower |
| 17:35 | Queue | Villager (Male) |
| 17:35 | Queue | Villager (Male) |
| 17:36 | Queue | Villager (Male) |
| 17:39 | Queue | Villager (Male) |
| 17:39 | Queue | Villager (Male) |
| 17:45 | Build | Siege Workshop |
| 17:51 | Build | House |
| 17:55 | Queue | Villager (Male) |
| 18:11 | Build | Farm |
| 18:24 | Build | Watch Tower |
| 18:41 | Build | House |
Build order — VonLibov
First 150 of 331 actions detected
| 0:00 | Queue | Villager (Male) |
| 0:01 | Queue | Villager (Male) |
| 0:01 | Queue | Villager (Male) |
| 0:02 | Build | House |
| 0:03 | Build | House |
| 0:12 | Queue | Villager (Male) |
| 1:09 | Queue | Villager (Male) |
| 1:25 | Queue | Villager (Male) |
| 1:25 | Queue | Villager (Male) |
| 1:56 | Queue | Villager (Male) |
| 1:57 | Build | Lumber Camp |
| 2:31 | Queue | Villager (Male) |
| 2:31 | Queue | Villager (Male) |
| 3:02 | Queue | Villager (Male) |
| 3:34 | Build | House |
| 3:39 | Queue | Villager (Male) |
| 3:43 | Queue | Villager (Male) |
| 4:01 | Queue | Villager (Male) |
| 4:06 | Queue | Villager (Male) |
| 4:15 | Build | House |
| 4:27 | Build | Mill |
| 5:19 | Queue | Villager (Male) |
| 5:51 | Research | Loom |
| 5:51 | Research | Loom |
| 6:15 | Research | Feudal Age |
| 6:15 | Research | Feudal Age |
| 6:40 | Build | House |
| 7:15 | Build | Barracks |
| 8:20 | Queue | Villager (Male) |
| 8:26 | Age | Feudal Age |
| 8:30 | Build | Stable |
| 8:32 | Queue | Spearman |
| 8:46 | Queue | Villager (Male) |
| 8:47 | Research | Double-Bit Axe |
| 8:47 | Research | Double-Bit Axe |
| 9:11 | Queue | Villager (Male) |
| 9:13 | Build | House |
| 9:14 | Queue | Scout Cavalry |
| 9:14 | Queue | Scout Cavalry |
| 9:33 | Queue | Villager (Male) |
| 9:45 | Build | Palisade Wall |
| 9:47 | Queue | Scout Cavalry |
| 9:58 | Build | Mill |
| 10:05 | Queue | Villager (Male) |
| 10:07 | Queue | Villager (Male) |
| 10:07 | Queue | Villager (Male) |
| 10:27 | Build | Farm |
| 10:28 | Build | Farm |
| 10:30 | Build | Farm |
| 10:35 | Queue | Villager (Male) |
| 10:35 | Queue | Villager (Male) |
| 10:49 | Build | House |
| 10:54 | Queue | Villager (Male) |
| 10:57 | Build | Palisade Wall |
| 10:58 | Build | Palisade Wall |
| 11:02 | Queue | Villager (Male) |
| 11:03 | Build | Farm |
| 11:10 | Queue | Spearman |
| 11:11 | Queue | Villager (Male) |
| 11:20 | Build | Palisade Wall |
| 11:21 | Build | Palisade Wall |
| 11:21 | Build | Palisade Wall |
| 11:23 | Build | Palisade Wall |
| 11:25 | Build | House |
| 11:27 | Research | Town Watch |
| 11:27 | Research | Town Watch |
| 11:34 | Build | House |
| 11:36 | Queue | Spearman |
| 11:45 | Build | Farm |
| 11:55 | Queue | Villager (Male) |
| 12:07 | Build | Farm |
| 12:08 | Queue | Villager (Male) |
| 12:08 | Queue | Villager (Male) |
| 12:19 | Queue | Villager (Male) |
| 12:22 | Build | Palisade Wall |
| 12:30 | Queue | Villager (Male) |
| 12:35 | Build | Lumber Camp |
| 12:51 | Queue | Villager (Male) |
| 12:52 | Build | Farm |
| 12:56 | Queue | Spearman |
| 13:03 | Build | House |
| 13:10 | Queue | Villager (Male) |
| 13:22 | Research | Horse Collar |
| 13:22 | Research | Horse Collar |
| 13:30 | Queue | Villager (Male) |
| 13:42 | Queue | Villager (Male) |
| 13:44 | Build | Farm |
| 13:44 | Build | Farm |
| 14:06 | Queue | Villager (Male) |
| 14:08 | Build | Farm |
| 14:08 | Build | Farm |
| 14:22 | Build | House |
| 14:26 | Queue | Villager (Male) |
| 14:52 | Queue | Villager (Male) |
| 15:01 | Build | Watch Tower |
| 15:06 | Build | House |
| 15:07 | Queue | Villager (Male) |
| 15:22 | Queue | Villager (Male) |
| 15:31 | Build | Farm |
| 15:31 | Build | Farm |
| 15:36 | Build | Mining Camp |
| 15:46 | Queue | Villager (Male) |
| 16:00 | Build | Archery Range |
| 16:16 | Queue | Villager (Male) |
| 16:37 | Queue | Villager (Male) |
| 16:43 | Build | House |
| 17:00 | Queue | Archer |
| 17:02 | Queue | Villager (Male) |
| 17:13 | Build | Watch Tower |
| 17:18 | Queue | Villager (Male) |
| 17:35 | Queue | Villager (Male) |
| 17:45 | Queue | Villager (Male) |
| 18:05 | Build | Watch Tower |
| 18:18 | Queue | Villager (Male) |
| 18:20 | Build | Blacksmith |
| 18:36 | Build | Watch Tower |
| 18:42 | Build | Mining Camp |
| 18:51 | Queue | Villager (Male) |
| 19:09 | Queue | Villager (Male) |
| 19:11 | Build | Market |
| 19:21 | Queue | Villager (Male) |
| 19:33 | Build | Watch Tower |
| 20:02 | Research | Castle Age |
| 20:03 | Research | Castle Age |
| 20:06 | Queue | Villager (Male) |
| 20:17 | Build | House |
| 20:26 | Queue | Villager (Male) |
| 20:43 | Build | House |
| 20:50 | Build | Watch Tower |
| 21:01 | Queue | Archer |
| 21:20 | Build | Watch Tower |
| 21:33 | Research | Stone Mining |
| 21:33 | Research | Stone Mining |
| 21:36 | Research | Gold Mining |
| 21:37 | Research | Gold Mining |
| 21:37 | Research | Gold Mining |
| 21:55 | Build | Farm |
| 22:13 | Build | Stable |
| 22:17 | Research | Scale Barding Armor |
| 22:17 | Research | Scale Barding Armor |
| 22:22 | Build | House |
| 22:35 | Build | House |
| 22:39 | Queue | Villager (Male) |
| 22:55 | Age | Castle Age |
| 22:56 | Queue | Villager (Male) |
| 23:15 | Queue | Villager (Male) |
| 23:17 | Queue | Villager (Male) |
| 23:28 | Queue | Camel Scout |
| 23:28 | Queue | Camel Scout |
| 23:35 | Build | House |
Match timeline
| 4:13 | Liêm học IT · wall_segment Palisade Wall x1 |
| 4:13 | Liêm học IT · wall_segment Palisade Wall x1 |
| 7:15 | VonLibov · first_building Barracks |
| 8:18 | Liêm học IT · wall_segment Palisade Wall x1 |
| 8:19 | Liêm học IT · wall_segment Palisade Wall x1 |
| 8:19 | Liêm học IT · wall_segment Palisade Wall x1 |
| 8:20 | Liêm học IT · wall_segment Palisade Wall x1 |
| 8:21 | Liêm học IT · wall_segment Palisade Wall x1 |
| 8:26 | VonLibov · age_up feudal |
| 8:30 | VonLibov · first_building Stable |
| 8:36 | Liêm học IT · first_building Barracks |
| 8:50 | Liêm học IT · wall_segment Palisade Wall x1 |
| 8:51 | Liêm học IT · wall_segment Palisade Wall x1 |
| 9:16 | Liêm học IT · age_up feudal |
| 9:45 | VonLibov · wall_segment Palisade Wall x5 |
| 9:45 | Liêm học IT · wall_segment Palisade Wall x1 |
| 9:46 | Liêm học IT · wall_segment Palisade Wall x1 |
| 9:47 | Liêm học IT · wall_segment Palisade Wall x1 |
| 9:48 | Liêm học IT · wall_segment Palisade Wall x1 |
| 9:49 | Liêm học IT · wall_segment Palisade Wall x1 |
| 10:10 | Liêm học IT · wall_segment Palisade Wall x1 |
| 10:13 | Liêm học IT · wall_segment Palisade Wall x1 |
| 10:24 | Liêm học IT · wall_segment Palisade Wall x1 |
| 10:57 | VonLibov · wall_segment Palisade Wall x1 |
| 10:58 | VonLibov · wall_segment Palisade Wall x6 |
| 11:20 | VonLibov · wall_segment Palisade Wall x1 |
| 11:21 | VonLibov · wall_segment Palisade Wall x1 |
| 11:21 | VonLibov · wall_segment Palisade Wall x1 |
| 11:23 | VonLibov · wall_segment Palisade Wall x16 |
| 12:22 | VonLibov · wall_segment Palisade Wall x9 |
| 14:47 | Liêm học IT · wall_segment Palisade Wall x1 |
| 14:48 | Liêm học IT · wall_segment Palisade Wall x1 |
| 14:50 | Liêm học IT · wall_segment Palisade Wall x1 |
| 16:00 | VonLibov · first_building Archery Range |
| 16:58 | Liêm học IT · wall_segment Palisade Wall x1 |
| 17:45 | Liêm học IT · first_building Siege Workshop |
| 18:21 | Liêm học IT · first_market_buy 100 stone |
| 19:14 | Liêm học IT · first_market_sell 100 wood |
| 19:51 | Liêm học IT · first_building Stable |
| 20:01 | VonLibov · first_market_sell 100 food |
| 21:15 | Liêm học IT · wall_segment Palisade Wall x1 |
| 21:16 | Liêm học IT · wall_segment Palisade Wall x1 |
| 21:55 | Liêm học IT · age_up castle |
| 22:55 | VonLibov · age_up castle |
| 24:01 | VonLibov · first_market_buy 100 food |
| 25:51 | VonLibov · first_building Castle |
| 27:54 | VonLibov · first_building Monastery |
| 28:15 | Liêm học IT · wall_segment Palisade Wall x1 |
| 29:57 | Liêm học IT · first_building Monastery |
| 32:36 | Liêm học IT · first_building Castle |
| 33:27 | Liêm học IT · wall_segment Palisade Wall x1 |
| 33:40 | Liêm học IT · age_up imperial |
| 34:36 | Liêm học IT · wall_segment Palisade Wall x1 |
| 34:37 | Liêm học IT · wall_segment Palisade Wall x1 |
| 34:47 | VonLibov · resign |
[ AI ANALYSIS · 1 CREDIT ]
What really happened in this match?
Wolo.gg analyzes every decision: build order, eco, micro, common mistakes by bracket. Personalized analysis on WhatsApp or Discord in 30 seconds.
Civ guide
Cumans
Perfil
Jugador #14648183